 Dungeon Crawl Stone Soup version 0.28-a0-1038-g9c4cb8273d (webtiles) character file.

Game seed: 14182864912650063679

0 meatgazer the Skirmisher (level 1, 0/18 HPs)
             Began as a Demonspawn Abyssal Knight on Dec 8, 2021.
             Was a Follower of Lugonu.
             Slain by a thrashing horror (5 damage)
             ... on level 3 of the Abyss.
             The game lasted 00:00:20 (115 turns).

meatgazer the Skirmisher (Demonspawn Abyssal Knight) Turns: 115, Time: 00:00:20

Health: 0/18       AC:  3    Str: 13      XL:     1   Next: 0%
Magic:  2/2        EV: 11    Int:  9 (11) God:    Lugonu [*.....]
Gold:   69         SH:  0    Dex: 13      Spells: 0/0 levels left

rFire   . . .      SeeInvis .   a - +1 falchion
rCold   . . .      Faith    .   (no shield)
rNeg    . . .      Spirit   .   b - +0 leather armour
rPois   .          Reflect  .   (no helmet)
rElec   .          Harm     .   (no cloak)
rCorr   .          Rampage  .   (no gloves)
Will    .....                   (no boots)
Stlth   +.........              (no amulet)
HPRegen 0.06/turn               (no ring)
MPRegen 0.08/turn               (no ring)

@: no status effects
A: no striking features
a: Renounce Religion, Depart the Abyss


You were on level 3 of the Abyss.
You worshipped Lugonu.
Lugonu was aware of your devotion.
You visited 0 branches of the dungeon, and saw 0 of its levels.
You visited the Abyss 1 time.

You collected 69 gold pieces.

Inventory:

Hand Weapons
 a - a +1 falchion (weapon)
Armour
 b - a +0 leather armour (worn)
Wands
 c - a wand of polymorph (6)


   Skills:
 + Level 3.0 Fighting
 + Level 1.7 Long Blades
 + Level 1.7 Armour
 + Level 0.8 Dodging
 + Level 2.4 Invocations


You couldn't memorise any spells.
You didn't know any spells.
Your spell library was empty.

Dungeon Overview and Level Annotations

Branches:
Dungeon (0/15)

Altars:


Message History

A starspawn tentacle comes into view.
A neqoxec comes into view.
Found a gateway leading deeper into the Abyss.
The neqoxec shouts!
A quasit comes into view.
The quasit gives a chilling moan.
Tentacles burst from the starspawn's body! 2 starspawn tentacles come into view.
Found a scroll labelled BICALEISEF.
The neqoxec gestures at you.
You feel dopey. Something feeds on your intellect!
There is a gateway leading deeper into the Abyss here.
The neqoxec gestures at you.
Something tries to feed on your intellect!
You plunge deeper into the Abyss.
Found 48 gold pieces.
You now have 48 gold pieces.
Found a gateway leading deeper into the Abyss.
c - a scroll labelled PEBOFR UFUMAJ
There is a gateway leading deeper into the Abyss here.
You plunge deeper into the Abyss.
The abyssal rune of Zot can be found at this depth.
As you read the scroll labelled PEBOFR UFUMAJ, it crumbles to dust.
You hear a loud clanging noise!
It was a scroll of noise.
Found a chain mail.
You now have 69 gold pieces (gained 21).
Found 28 arrows.
c - a wand of polymorph (6)
A thrashing horror comes into view.
The thrashing horror roars!
A thrashing horror comes into view.
The thrashing horror moves out of view.
A thrashing horror is nearby!
The thrashing horror tramples you!
Ouch! That really hurt!
* * * LOW HITPOINT WARNING * * *
You hold your ground!
The thrashing horror tramples you.
You die...

#.#.#.....# .........#
. .. .
##........##.#.. .
#........... . ..#.
###.....##.... ......
###........##.........
#............#..#... .
.....#..#.#.#. #
#.#..#..@#.##...#
#.##....X#... # # #
#.#.#.#.### .. ...
##......## ..#
#..#....... #.#
#............$.
##........♣. ...
#...#.♣...♣♣...# .
#.#.#...... ♣.....


You could see a thrashing horror.

Vanquished Creatures (others)
  4 starspawn tentacles (Abyss:1)
4 creatures vanquished.

Notes
Turn   | Place    | Note
-------+----------+-------------------------------------------
     0 | Abyss:1  | meatgazer the Demonspawn Abyssal Knight began the quest for
                  | the Orb.
     0 | Abyss:1  | Reached XP level 1. HP: 18/18 MP: 2/2
    48 | Abyss:1  | Noticed a tentacled starspawn
    58 | Abyss:1  | Noticed a neqoxec
    59 | Abyss:1  | Noticed a quasit
   113 | Abyss:3  | Noticed a thrashing horror
   114 | Abyss:3  | Noticed a thrashing horror
   115 | Abyss:3  | Slain by a thrashing horror

Illustrated notes

Levels and vault maps discovered:
Abyss:3:  base:
Temple

Action                   || total
-------------------------++-------
  Use: Scroll            ||     1

Table legend: (Time is in decaauts)
 A = Elapsed time spent in this place.
 B = Non-inter-level travel time spent in this place.
 C = Inter-level travel time spent in this place.
 D = Time resting spent in this place.
 E = Time spent auto-exploring this place.
 F = Levels seen in this place.
 G = Mean time per level.
                   A        B        C        D        E       F      G
               +--------+--------+--------+--------+--------+-----+--------+
         Total |    114 |    114 |      0 |      0 |     73 |   3 |   38.0 |
         Abyss |    114 |    114 |      0 |      0 |     73 |   3 |   38.0 |
               +--------+--------+--------+--------+--------+-----+--------+

Top non-repeatable levels by time:
 Abyss:1: 66 daAuts
 Abyss:3: 24 daAuts
 Abyss:2: 23 daAuts
